 Dungeon Crawl Stone Soup version 0.26-a0-188-ga22346179c (webtiles) character file.

Game seed: 7339230497277774310

606119 Murumi the Hoplite (level 27, 0/231 HPs)
             Began as a Formicid Fighter on July 3, 2020.
             Was the Champion of Okawaru.
             Splashed by an acid blob's acid (17 damage)
             ... created by the Royal Jelly
             ... on level 5 of the Pits of Slime on July 4, 2020.
             The game lasted 05:58:41 (79998 turns).

Murumi the Hoplite (Formicid Fighter)              Turns: 79998, Time: 05:58:42

Health: 0/231      AC: 10    Str: 29    XL:     27
Magic:  29/31      EV: 14    Int: 18    God:    Okawaru [******]
Gold:   5540       SH: 35    Dex: 10    Spells: 26/26 levels left

rFire    + + +     SeeInvis +   a - +9 triple sword (vorpal)
rCold    + + .     Faith    .   N - +8 tower shield {reflect}
rNeg     + + +     Spirit   .   I - +6 gold dragon scales
rPois    +         Reflect  +   (helmet unavailable)
rElec    +         Harm     .   U - +2 cloak of Inaction {rF+ rN++ Str+2 Dex-4}
rCorr    .                      z - +2 pair of gloves {archery}
MR       ++...                  X - +2 pair of boots "Geess" {rF+ rN++}
Stlth    ..........             G - amulet of regeneration
HPRegen  0.88/turn              O - ring of Bafraschi {rElec Dex+4 SInv}
MPRegen  0.22/turn              F - ring "Zimext" {rF+ rC+ Str+3 Stlth+}

@: heroism, finesse, corroded, studying 2 skills
A: permanent stasis, dig shafts and tunnels, four strong arms, antennae 3,
deformed body, low mp 1
}: 3/15 runes: barnacled, silver, gossamer
a: Dig, Shaft Self, Heroism, Finesse, Renounce Religion


You were on level 5 of the Pits of Slime.
You worshipped Okawaru.
Okawaru was exalted by your worship.
You were not hungry.

You visited 10 branches of the dungeon, and saw 50 of its levels.
You visited 1 bazaar.
You also visited: Sewer, Ossuary, Bailey, Ice Cave, Volcano and Desolation.

You collected 7383 gold pieces.
You spent 1843 gold pieces at shops.

Inventory:

Hand Weapons
 a - a +9 vorpal triple sword (weapon)
 f - the +5 arbalest "Vasiget" {flame, MR++ Int+2}
   (Okawaru gifted it to you in the Desolation of Salt)

   It causes projectiles fired from it to burn those they strike, causing extra
   injury to most foes and up to half again as much damage against particularly
   susceptible opponents.
   It affects your intelligence (+2).
   It affects your resistance to hostile enchantments.
 s - a +1 vorpal triple crossbow
Missiles
 x - 1995 bolts
Armour
 z - a +2 pair of gloves of archery (worn)
 I - +6 gold dragon scales (worn)
 N - a +8 tower shield of reflection (worn)
 U - the +2 cloak of Inaction (worn) {rF+ rN++ Str+2 Dex-4}
   (Okawaru gifted it to you on level 1 of the Shoals)

   It affects your strength (+2).
   It affects your dexterity (-4).
   It protects you from fire.
   It greatly protects you from negative energy.
 X - the +2 pair of boots "Geess" (worn) {rF+ rN++}
   (Okawaru gifted it to you on level 3 of the Spider Nest)

   It protects you from fire.
   It greatly protects you from negative energy.
Jewellery
 n - an uncursed ring of flight
 y - an uncursed ring of resist corrosion
 F - the ring "Zimext" (right hand) {rF+ rC+ Str+3 Stlth+}
   (You took it off an ironheart preserver on level 5 of the Vaults)

   [ring of protection from fire]

   It affects your strength (+3).
   It protects you from fire.
   It protects you from cold.
   It makes you more stealthy.
 G - an amulet of regeneration (around neck)
 M - an uncursed ring of protection from cold
 O - the ring of Bafraschi (left hand) {rElec Dex+4 SInv}
   (You found it on level 3 of the Depths)

   [ring of see invisible]

   It affects your dexterity (+4).
   It insulates you from electricity.
   It lets you see invisible.
 Q - an uncursed amulet of guardian spirit
Wands
 e - a wand of polymorph (68)
 i - a wand of disintegration (31)
 p - a wand of paralysis (22)
 w - a wand of iceblast (67)
 A - a wand of clouds (4)
 B - a wand of acid (32)
 E - a wand of flame (80)
 H - a wand of enslavement (10)
Scrolls
 b - 2 scrolls of holy word
 j - 19 scrolls of fog
 u - 12 scrolls of identify
 v - 28 scrolls of remove curse
 C - 2 scrolls of fear
 L - 2 scrolls of silence
 R - 7 scrolls of amnesia
 W - 6 scrolls of magic mapping
 Z - a scroll of enchant armour
Potions
 d - 8 potions of might
 g - 5 potions of invisibility
 h - 7 potions of resistance
 k - 16 potions of flight
 m - 6 potions of mutation
 o - 16 potions of curing
 q - 12 potions of ambrosia
 r - 12 potions of heal wounds
 t - 5 potions of cancellation
 J - 7 potions of brilliance
Books
 l - a manual of Fire Magic
 T - a manual of Air Magic
Miscellaneous
 D - 9 boxes of beasts
 K - a phial of floods
 S - 3 phantom mirrors
 V - a tin of tremorstones (3/3)
 Y - a lightning rod (4/4)
Comestibles
 c - 74 rations


   Skills:
 - Level 22.0(27) Fighting
 - Level 19.0(24.0) Long Blades
 - Level 19.0(24.0) Crossbows
 + Level 21.0(26.0) Armour
 - Level 11.0(16.0) Dodging
 - Level 0.4(5.4) Stealth
 - Level 24.0(27) Shields
 - Level 16.0 Invocations
 - Level 14.0 Evocations


You had 26 spell levels left.
You didn't know any spells.
Your spell library contained the following spells:

 Spells                   Type           Power        Failure   Level  Hunger
 Animate Skeleton         Necr           N/A          80%         1    ##.....
 Apportation              Tloc           #.....       80%         1    ##.....
 Corona                   Hex            #......      80%         1    ##.....
 Foxfire                  Conj/Fire      #...         80%         1    ##.....
 Magic Dart               Conj           #...         80%         1    ##.....
 Sting                    Tmut/Pois      #...         80%         1    ##.....
 Summon Butterflies       Summ           #.......     80%         1    ##.....
 Summon Small Mammal      Summ           #...         80%         1    ##.....
 Call Imp                 Summ           #.......     90%         2    ###....
 Corpse Rot               Necr/Air       N/A          90%         2    ###....
 Ensorcelled Hibernation  Hex/Ice        #.....       90%         2    ###....
 Passwall                 Tmut/Erth      #.......     90%         2    ###....
 Poisonous Vapours        Pois/Air       #.....       90%         2    ###....
 Shroud of Golubria       Chrm/Tloc      #.....       90%         2    ###....
 Slow                     Hex            #.......     90%         2    ###....
 Song of Slaying          Chrm           #.......     90%         2    ###....
 Sublimation of Blood     Necr           #.........   90%         2    ###....
 Call Canine Familiar     Summ           #.......     99%         3    ####...
 Confusing Touch          Hex            #.......     99%         3    ####...
 Conjure Flame            Conj/Fire      #.......     99%         3    ####...
 Dazzling Flash           Conj/Hex       #.....       99%         3    ####...
 Gell's Gravitas          Tloc           #.........   99%         3    ####...
 Ignite Poison            Fire/Tmut/Pois #.......     99%         3    ####...
 Lesser Beckoning         Tloc           #.........   99%         3    ####...
 Mephitic Cloud           Conj/Pois/Air  #.......     99%         3    ####...
 Ozocubu's Armour         Chrm/Ice       #.......     99%         3    ####...
 Recall                   Summ/Tloc      N/A          99%         3    ####...
 Spectral Weapon          Hex/Chrm       #.......     99%         3    ####...
 Spider Form              Tmut/Pois      #.........   99%         3    ####...
 Stone Arrow              Conj/Erth      #.....       99%         3    ####...
 Summon Guardian Golem    Hex/Summ       #.......     99%         3    ####...
 Teleport Other           Tloc           #.......     99%         3    ####...
 Tukima's Dance           Hex            #.......     99%         3    ####...
 Animate Dead             Necr           N/A          100%        4    #####..
 Cause Fear               Hex            #.........   100%        4    #####..
 Dispel Undead            Necr           #.......     100%        4    #####..
 Ice Form                 Ice/Tmut       #.......     100%        4    #####..
 Leda's Liquefaction      Hex/Erth       #.........   100%        4    #####..
 Olgreb's Toxic Radiance  Pois           #.......     100%        4    #####..
 Passage of Golubria      Tloc           N/A          100%        4    #####..
 Petrify                  Tmut/Erth      #.......     100%        4    #####..
 Summon Ice Beast         Ice/Summ       #.......     100%        4    #####..
 Summon Lightning Spire   Summ/Air       #.......     100%        4    #####..
 Agony                    Necr           #.......     100%        5    ######.
 Alistair's Intoxication  Tmut/Pois      #.......     100%        5    ######.
 Bolt of Magma            Conj/Fire/Erth #.........   100%        5    ######.
 Borgnjor's Vile Clutch   Necr/Erth      #.........   100%        5    ######.
 Excruciating Wounds      Chrm/Necr      #.........   100%        5    ######.
 Fireball                 Conj/Fire      #.........   100%        5    ######.
 Irradiate                Conj/Tmut      #.........   100%        5    ######.
 Metabolic Englaciation   Hex/Ice        #.........   100%        5    ######.
 Silence                  Hex/Air        #.........   100%        5    ######.
 Summon Mana Viper        Hex/Summ       #.......     100%        5    ######.
 Yara's Violent Unravell  Hex/Tmut       #.........   100%        5    ######.
 Darkness                 Hex            #.........   100%        6    #######
 Death Channel            Necr           #.........   100%        6    #######
 Eringya's Noxious Bog    Tmut/Pois      #.........   100%        6    #######
 Freezing Cloud           Conj/Ice/Air   #.........   100%        6    #######
 Iron Shot                Conj/Erth      #.........   100%        6    #######
 Ozocubu's Refrigeration  Ice            #.........   100%        6    #######
 Shadow Creatures         Summ           N/A          100%        6    #######
 Simulacrum               Ice/Necr       #.........   100%        6    #######
 Starburst                Conj/Fire      #.........   100%        6    #######
 Statue Form              Tmut/Erth      #........    100%        6    #######
 Malign Gateway           Summ/Tloc      #.........   100%        7    #######
 Monstrous Menagerie      Summ           #.........   100%        7    #######
 Ring of Flames           Chrm/Fire      #.........   100%        7    #######
 Summon Greater Demon     Summ           #.........   100%        7    #######
 Summon Hydra             Summ           #.........   100%        7    #######
 Ignition                 Fire           #.........   100%        8    #######
 Summon Horrible Things   Summ           #.........   100%        8    #######
 Shatter                  Erth           #.........   100%        9    #######
 Blink                    Tloc           Unusable     N/A         2    N/A

Dungeon Overview and Level Annotations

Branches:
Dungeon (15/15)            Temple (1/1) D:4            Lair (6/6) D:9
 Shoals (4/4) Lair:4       Spider (4/4) Lair:3        Slime (5/5) Lair:5
    Orc (2/2) D:10            Elf (3/3) Orc:2        Vaults (5/5) D:13
  Crypt (0/3) Vaults:2     Depths (5/5) D:15            Zot (0/5) Depths:5
  Sewer (visited)         Ossuary (visited)          Bailey (visited)
  IceCv (visited)         Volcano (visited)         Desolation (visited)

Altars:
Ashenzari
Cheibriados
Dithmenos
Elyvilon
Fedhas
Gozag
Hepliaklqana
Kikubaaqudgha
Makhleb
Nemelex Xobeh
Okawaru
Qazlal
Ru
Sif Muna
Trog
Uskayaw
Vehumet
Wu Jian
Xom
Yredelemnul
Zin
The Shining One
Beogh
Jiyva
Lugonu

Shops:
D:7 [   D:12 [([=[   Orc:2 *=*[   Elf:2 *   Elf:3 }   Vaults:1 !   Vaults:3 (
Vaults:5 }   Depths:3 *

Portals:
Hell: Depths:1 Depths:2 Depths:3 Depths:4 Depths:5
Abyss: Depths:4
Pandemonium: Depths:2 Depths:3 Depths:4
Ziggurat: Depths:1

Annotations:
Slime:5 3 exclusions


Innate Abilities, Weirdness & Mutations

You cannot be hasted, slowed, berserked, paralysed or teleported.
You can dig through walls and to a lower floor.
Your four strong arms can wield two-handed weapons with a shield.
You have a pair of large antennae on your head. (SInv)
Armour fits poorly on your strangely shaped body.
Your magical capacity is low. (-10% MP)


Message History

You hit the acid blob but do no damage. The acid corrodes you!
Your hands burn!
* * * LOW HITPOINT WARNING * * *
The acid blob is almost dead.
You block the acid blob's attack. x2
You slice the acid blob like a ripe choko!!!
You kill the acid blob!
That felt strangely unrewarding.
You block the acid blob's attack.
As you read the scroll of fog, it crumbles to dust.
The scroll dissolves into smoke.
The acid blob spits acid at you. The splash of acid hits you!
* * * LOW HITPOINT WARNING * * *
You are splashed with acid!
* * * LOW HITPOINT WARNING * * *
You block the acid blob's attack. The acid blob spits acid at you.
The splash of acid hits you!
* * * LOW HITPOINT WARNING * * *
You are splashed with acid!
You die...

.# #................... ##
# ##.................. #
.. ##................. ...
##................ ....
##............... ...J.
#................
.....J####................
.....§JJ§#................
.....§{#§@................
.....§#####...............
...[.% #...J............
..J.( ##............... #
.{.$" ###............... #
..## ##.................
### #.
##.................. ..##
##................... ...#
##....................


You could see 2 acid blobs.

Vanquished Creatures
  the Royal Jelly (Slime:5)
  Mara (Vaults:3)
  2 juggernauts (Depths:5)
  Boris (Vaults:5)
  Frederick (Depths:5)
  The ghost of Icvuix the Bewitcher, a master KoEn of Dithmenos (Depths:5)
  A caustic shrike (Depths:5)
  5 golden dragons
  Nikola (Spider:3)
  A bone dragon (Depths:5)
  The ghost of RaHiT the Blocker, an adept NaVM of Cheibriados (Shoals:1)
  2 hellephants (Vaults:3)
  Rupert (Lair:3)
  8 tentacled monstrosities
  3 titans
  3 quicksilver dragons
  2 deep elf master archers (Elf:3)
  4 krakens
  15 acid blobs
  2 liches
  A deep elf blademaster (Elf:3)
  2 sphinxes (Vaults:5)
  Kirke (D:15)
  Gastronok (D:10)
  4 shadow dragons
  10 tengu reavers
  4 storm dragons
  12 frost giants
  4 azure jellies
  11 fire giants
  Aizul (Shoals:1)
  10 deep elf sorcerers
  An iron dragon (Vaults:5)
  An orc warlord (Orc:2)
  5 deep elf elementalists
  2 imperial myrmidons (Desolation)
  2 ghost moths
  19 vault wardens
  A draconian scorcher (Depths:5)
  The ghost of Panirr the Transmogrifier, a journeyman SpEE of Gozag (Shoals:2)
  8 emperor scorpions
  A draconian annihilator (Depths:5)
  2 war gargoyles
  6 entropy weavers
  17 ironheart preservers
  2 spriggan defenders (Depths:3)
  23 stone giants
  13 very ugly things
  A vampire knight (Depths:3)
  2 black draconians (Depths:5)
  A green draconian (Depths:5)
  9 deep elf demonologists
  9 deep elf annihilators
  3 yellow draconians (Depths:5)
  8 spark wasps
  A halazid warlock (Desolation)
  A dire elephant (shapeshifter) (Vaults:5)
  5 deep elf death magi
  3 crystal guardians (Desolation)
  17 ettins
  5 merfolk javelineers
  7 merfolk impalers
  Josephine (D:15)
  9 fire dragons
  3 jiangshi (Depths:4)
  The ghost of Ijustatesigmund the Cleaver, a journeyman OpGl of Cheibriados (D:12)
  A death ooze (Slime:5)
  12 ragged hierophants (Desolation)
  15 ogre magi
  10 deep elf high priests
  20 yaktaur captains
  11 ice dragons
  9 great orbs of eyes
  5 spriggan air magi
  9 rakshasas
  12 servants of whispers (Desolation)
  34 vault guards
  7 peacekeepers (Desolation)
  An ice dragon (shapeshifter) (D:15)
  9 hydras
  A quicksilver dragon skeleton (D:15)
  A hell beast (Depths:1)
  3 satyrs (Shoals:2)
  5 catoblepae
  7 merfolk avatars
  4 merfolk aquamancers (Shoals:4)
  A queen ant (Spider:3)
  36 two-headed ogres
  23 dancing weapons
  6 centaur warriors
  2 alligator snapping turtles
  A death knight (D:15)
  6 death yaks
  3 vampire magi
  9 deep troll earth magi
  12 spriggan berserkers
  10 tengu warriors
  4 orc high priests (Orc:2)
  11 deep troll shamans
  17 deep elf knights
  2 sun demons (Depths:3)
  A fire crab (shapeshifter) (Vaults:5)
  A soul eater (Depths:5)
  8 iron trolls
  5 skeletal warriors
  A fire crab (Lair:6)
  28 hell knights
  A shadow wraith (Vaults:4)
  35 deep trolls
  An unseen horror (Vaults:1)
  10 wizards
  2 flayed ghosts
  A sea snake (shapeshifter) (Vaults:5)
  A swamp dragon (Depths:4)
  A deep troll (shapeshifter) (Depths:5)
  An unseen horror (shapeshifter) (Vaults:4)
  18 sea snakes
  A harpy (shapeshifter) (Depths:4)
  19 deep elf archers
  5 glowing orange brains
  24 ironbrand convokers
  3 necromancers
  20 orc knights
  24 harpies
  A lindwurm (Lair:4)
  A wolf spider zombie (D:14)
  6 phantasmal warriors
  21 orb spiders
  37 ugly things
  A fire giant zombie (D:15)
  An orb spider (shapeshifter) (D:15)
  2 statues (D:13)
  63 deep elf magi
  9 orc sorcerers
  34 wolf spiders
  6 shining eyes
  17 manticores
  2 salamanders (shapeshifter)
  19 fauns
  10 cyclopes
  2 stone giant skeletons (D:15)
  A moth of wrath (shapeshifter) (Vaults:4)
  11 elephants
  An ice statue (IceCv)
  2 guardian serpents (shapeshifter)
  2 eyes of devastation
  5 moths of wrath
  An elephant (shapeshifter) (Depths:3)
  A torpor snail (Spider:3)
  A molten gargoyle (Desolation)
  9 merfolk sirens
  Joseph (D:7)
  5 toenail golems (Volcano)
  3 rust devils
  Maurice (D:10)
  2 black mambas
  2 guardian serpents (Desolation)
  A centaur zombie (D:13)
  A torpor snail (shapeshifter) (Depths:3)
  10 water nymphs
  18 vault sentinels
  A hellion (Depths:4)
  26 cane toads
  A cane toad (shapeshifter) (Depths:1)
  2 gargoyles
  Maggie (D:6)
  A komodo dragon (shapeshifter) (Depths:2)
  70 yaktaurs
  4 freezing wraiths
  A small abomination (Elf:3)
  17 demonic crawlers
  7 komodo dragons
  3 ice devils
  A queen bee (shapeshifter) (Vaults:1)
  A hellwing (Depths:5)
  A tormentor (Depths:3)
  2 rime drakes
  A guardian mummy (D:15)
  37 merfolk
  10 tengu conjurers
  4 red devils
  5 trolls
  2 queen bees
  20 polar bears (IceCv)
  3 tyrant leeches (Lair:6)
  A jumping spider (shapeshifter) (Depths:2)
  38 jumping spiders
  3 meliai (D:15)
  9 wind drakes
  38 blink frogs
  9 hornets
  108 slime creatures
  73 saltlings (Desolation)
  12 hippogriffs
  A meliai zombie (D:12)
  2 snapping turtles (shapeshifter)
  A hippogriff (shapeshifter) (D:15)
  4 dream sheep (Lair:6)
  18 snapping turtles
  2 shadows
  3 air elementals
  102 redbacks
  2 yaks (shapeshifter)
  4 spriggans
  A tarantella (shapeshifter) (Vaults:4)
  37 tarantellas
  9 water elementals
  10 golden eyes
  3 hungry ghosts
  42 yaks
  A hog (shapeshifter) (Vaults:1)
  7 wyverns
  4 wraiths
  A basilisk (shapeshifter) (Vaults:5)
  6 fire elementals
  A golden eye (shapeshifter) (Vaults:2)
  5 basilisks
  A steam dragon (D:13)
  A yaktaur simulacrum (Vaults:2)
  A warg (shapeshifter) (Vaults:5)
  9 vampire mosquitoes
  A soldier ant (shapeshifter) (Elf:2)
  20 soldier ants
  2 acid dragons
  8 wargs
  14 water moccasins
  6 porcupines
  A floating eye (Depths:3)
  10 ice beasts
  8 eyes of draining
  A human skeleton (Depths:1)
  65 orc warriors
  A sky beast (D:11)
  2 phantoms
  A black bear (D:6)
  An ogre (shapeshifter) (Vaults:5)
  2 necrophages
  An ettin simulacrum (Vaults:3)
  14 boggarts
  A tengu (shapeshifter) (Depths:4)
  30 ogres
  20 wolves
  5 crocodiles
  30 centaurs
  2 big kobolds
  25 bullfrogs
  2 gnoll sergeants
  A water moccasin zombie (D:9)
  A wyvern zombie (D:10)
  2 scorpions
  A scorpion (shapeshifter) (Vaults:3)
  A water moccasin skeleton (D:6)
  A human simulacrum (Vaults:3)
  55 killer bees
  4 electric eels
  A howler monkey (D:5)
  13 wights
  3 crimson imps (Depths:4)
  A quasit (D:11)
  3 bullfrog zombies
  5 hounds
  4 jellies
  A human zombie (Ossuary)
  36 orc priests
  Crazy Yiuf (D:4)
  5 centaur skeletons
  A hound (shapeshifter) (Vaults:5)
  24 orc wizards
  2 bullfrog skeletons
  An iron imp (Depths:4)
  Jessica (D:3)
  4 iguanas
  19 worker ants
  A hound zombie (D:8)
  3 mummies (Ossuary)
  2 howler monkey skeletons
  8 gnolls
  A river rat (Lair:2)
  15 adders
  A shadow imp (Depths:4)
  6 white imps
  4 ufetubi
  6 oozes
  An adder zombie (D:7)
  An adder skeleton (D:4)
  9 worms
  A dart slug (D:2)
  11 leopard geckos
  166 orcs
  11 bats
  7 giant cockroaches
  2 gnoll zombies (Ossuary)
  7 goblins
  8 hobgoblins
  6 jackals
  3 quokkas
  3 ball pythons
  A ball python skeleton (D:4)
  6 frilled lizards
  2 goblin zombies (Ossuary)
  4 hobgoblin zombies (Ossuary)
  19 kobolds
  A kobold zombie (Ossuary)
  An orc zombie (Ossuary)
  6 quokka zombies (Ossuary)
  8 rats
  A rat zombie (Ossuary)
  2 bushes (D:13)
  A butterfly (Lair:3)
  14 tentacles
2750 creatures vanquished.

Vanquished Creatures (collateral kills)
  A snapping turtle (Shoals:4)
1 creature vanquished.

Vanquished Creatures (others)
  A polar bear (IceCv)
  A redback (Spider:4)
  A redback (shapeshifter) (Depths:1)
  A tarantella (Spider:4)
  3 humans (D:15)
  2 wolves (IceCv)
  An ogre (Vaults:4)
  An eye of draining (Slime:4)
  A bush (Lair:6)
  15 fungi
  58 plants
  11 tentacles
  A withered plant (D:15)
97 creatures vanquished.

Grand Total: 2848 creatures vanquished

Notes
Turn   | Place    | Note
-------+----------+-------------------------------------------
     0 | D:1      | Murumi the Formicid Fighter began the quest for the Orb.
     0 | D:1      | Reached XP level 1. HP: 18/18 MP: 1/1
    72 | D:1      | Reached skill level 1 in Dodging
   105 | D:1      | Reached XP level 2. HP: 24/24 MP: 2/2
   129 | D:1      | Reached skill level 4 in Shields
   272 | D:1      | HP: 1/24 [gnoll/+0 flail (7)]
   278 | D:1      | Reached XP level 3. HP: 2/29 MP: 3/3
  1454 | D:2      | Reached XP level 4. HP: 36/37 MP: 4/4
  1905 | D:2      | Reached XP level 5. HP: 42/42 MP: 5/5
  2062 | D:3      | Noticed a hippogriff
  2073 | D:2      | Killed a hippogriff
  2073 | D:2      | Reached skill level 5 in Shields
  2073 | D:2      | Reached XP level 6. HP: 25/50 MP: 6/6
  2245 | D:2      | Reached skill level 5 in Fighting
  2579 | D:2      | Reached XP level 7. HP: 52/56 MP: 7/7
  2601 | D:3      | Reached skill level 5 in Armour
  2806 | D:3      | Reached skill level 6 in Shields
  2821 | D:3      | Noticed Jessica
  2829 | D:3      | Killed Jessica
  3478 | D:4      | Found a sand-covered staircase.
  3486 | Ossuary  | Entered an ossuary
  3501 | Ossuary  | HP: 1/56 [mummy (10)]
  3972 | D:4      | Found a glowing drain.
  4020 | Sewer    | Entered a sewer
  4475 | Sewer    | Reached XP level 8. HP: 54/62 MP: 8/8
  4484 | Sewer    | Reached skill level 7 in Shields
  4993 | D:4      | Found a staircase to the Ecumenical Temple.
  5007 | Temple   | Entered the Ecumenical Temple
  5070 | Temple   | Became a worshipper of Warmaster Okawaru
  5352 | D:4      | Found a runed translucent door.
  5353 | D:4      | Noticed Crazy Yiuf
  5361 | D:4      | Killed Crazy Yiuf
  5796 | D:5      | Entered Level 5 of the Dungeon
  5894 | D:5      | Reached skill level 5 in Long Blades
  5916 | D:5      | Found a burning altar of Makhleb.
  5959 | D:5      | Reached * piety under Okawaru
  6113 | D:5      | Reached skill level 1 in Invocations
  6113 | D:5      | Reached skill level 1 in Evocations
  6284 | D:5      | Found a burning altar of Makhleb.
  6843 | D:5      | Reached XP level 9. HP: 69/69 MP: 11/11
  7170 | D:6      | Found a shadowy altar of Dithmenos.
  7178 | D:6      | Reached skill level 8 in Shields
  7279 | D:6      | Reached ** piety under Okawaru
  7435 | D:6      | Noticed Maggie
  7499 | D:6      | Killed Maggie
  8151 | D:7      | Found Kolofy's Antique Armour Emporium.
  8283 | D:7      | Bought a runed chain mail for 262 gold pieces
  8322 | D:7      | Noticed Joseph
  8349 | D:7      | Killed Joseph
  8349 | D:7      | Reached *** piety under Okawaru
  8349 | D:7      | Reached skill level 9 in Shields
  8349 | D:7      | Reached XP level 10. HP: 55/79 MP: 13/13
  8547 | D:7      | Noticed a white ugly thing
  8561 | D:7      | Killed a white ugly thing
  9039 | D:7      | Found a sacrificial altar of Ru.
  9541 | D:8      | Noticed a gargoyle
  9558 | D:8      | Killed a gargoyle
  9558 | D:8      | Reached **** piety under Okawaru
 10200 | D:8      | Reached skill level 5 in Invocations
 10585 | D:9      | Found a staircase to the Lair.
 10897 | D:9      | Found a snail-covered altar of Cheibriados.
 10906 | D:9      | Found a hazy altar of Hepliaklqana.
 11358 | Lair:1   | Entered Level 1 of the Lair of Beasts
 11358 | Lair:1   | Noticed a spiny frog
 11358 | Lair:1   | Noticed a spiny frog
 11373 | D:9      | Killed a spiny frog
 11559 | Lair:1   | Killed a spiny frog
 11559 | Lair:1   | Reached XP level 11. HP: 89/89 MP: 14/14
 11896 | Lair:1   | Reached ***** piety under Okawaru
 12127 | Lair:1   | Reached skill level 10 in Shields
 12479 | Lair:1   | Noticed a six-headed hydra
 12492 | Lair:1   | Killed a one-headed hydra
 12980 | Lair:2   | Reached skill level 5 in Evocations
 13089 | Lair:2   | Noticed a seven-headed hydra
 13102 | Lair:2   | Killed a one-headed hydra
 13484 | Lair:2   | Reached skill level 10 in Fighting
 13608 | Lair:2   | Received a gift from Okawaru
 13611 | Lair:2   | Reached XP level 12. HP: 52/97 MP: 16/16
 13612 | Lair:2   | Identified the +1 tower shield of Siosijir {rElec Str+10
                  | Dex-2 Stlth-} (Okawaru gifted it to you on level 2 of the
                  | Lair of Beasts)
 13864 | Lair:2   | Reached skill level 10 in Armour
 14005 | Lair:2   | Reached ****** piety under Okawaru
 14366 | Lair:2   | Reached skill level 11 in Shields
 15782 | Lair:3   | Noticed Rupert
 15836 | Lair:3   | Killed Rupert
 15836 | Lair:3   | Reached skill level 12 in Shields
 15865 | Lair:3   | Received a gift from Okawaru
 15893 | Lair:3   | Reached XP level 13. HP: 17/106 MP: 18/18
 16582 | Lair:3   | Found a hole to the Spider Nest.
 17695 | Lair:4   | Noticed a five-headed hydra
 17712 | Lair:4   | Killed a one-headed hydra
 18117 | Lair:4   | Reached skill level 10 in Long Blades
 18128 | Lair:4   | Received a gift from Okawaru
 18472 | Lair:4   | Reached skill level 5 in Dodging
 18528 | Lair:4   | Found a staircase to the Shoals.
 19340 | Lair:5   | Noticed a six-headed hydra
 19355 | Lair:5   | Killed a one-headed hydra
 19399 | Lair:5   | Reached skill level 13 in Shields
 20537 | Lair:5   | Found a staircase to the Slime Pits.
 20538 | Lair:5   | Found a viscous altar of Jiyva.
 20851 | Lair:6   | Entered Level 6 of the Lair of Beasts
 20863 | Lair:6   | Reached XP level 14. HP: 98/115 MP: 20/20
 20872 | Lair:6   | Found a dark tunnel.
 20891 | Volcano  | Entered a volcano
 21015 | Volcano  | Received a gift from Okawaru
 22199 | Lair:6   | Reached skill level 1 in Crossbows
 22303 | Lair:6   | Received a gift from Okawaru
 22612 | Lair:6   | Reached skill level 5 in Crossbows
 23633 | Lair:6   | Identified a scroll of acquirement
 24128 | Lair:6   | Reached XP level 15. HP: 81/120 MP: 14/21
 24813 | D:10     | Entered Level 10 of the Dungeon
 25002 | D:10     | Got a twitching tin ring
 25003 | D:10     | Identified the ring "Ketogo" {Wiz rC- MR+ Int+3 SInv} (You
                  | found it on level 10 of the Dungeon)
 25209 | D:10     | Noticed Gastronok
 25217 | D:10     | Killed Gastronok
 25217 | D:10     | Received a gift from Okawaru
 25264 | D:10     | Noticed Maurice
 25268 | D:10     | Killed Maurice
 25763 | D:10     | Found a staircase to the Orcish Mines.
 25928 | Orc:1    | Entered Level 1 of the Orcish Mines
 26303 | Orc:1    | Reached skill level 10 in Crossbows
 26424 | Orc:2    | Entered Level 2 of the Orcish Mines
 26450 | Orc:2    | Received a gift from Okawaru
 26726 | Orc:1    | Found a roughly hewn altar of Beogh.
 27335 | Orc:2    | Found a staircase to the Elven Halls.
 27851 | Orc:2    | Found Plog's Antique Armour Boutique.
 27999 | Orc:2    | Found a roughly hewn altar of Beogh.
 28241 | Orc:2    | Found Arycviu's General Store.
 28564 | Orc:2    | Found Sizxopry's Jewellery Shoppe.
 28667 | Orc:2    | Noticed an orc warlord
 28671 | Orc:2    | Killed an orc warlord
 28889 | Orc:2    | Found a roughly hewn altar of Beogh.
 28925 | Orc:2    | Reached skill level 15 in Fighting
 29001 | Orc:2    | Found Vefiecwaroe's General Store.
 29005 | Orc:2    | Received a gift from Okawaru
 30417 | D:11     | Reached XP level 16. HP: 137/137 MP: 16/22
 31134 | D:12     | Found Fyjeust's Armour Shop.
 31141 | D:12     | Bought a scarf of resistance for 448 gold pieces
 31186 | D:12     | Found Seizuov's Jewellery Shop.
 31234 | D:12     | Found a frozen archway.
 31266 | IceCv    | Entered an ice cave
 32344 | IceCv    | Noticed a frost giant
 32368 | IceCv    | Killed a frost giant
 33510 | D:12     | Found a transporter.
 33520 | D:12     | Noticed Ijustatesigmund's ghost (journeyman OpGl)
 33530 | D:12     | Found Cerushal's Antique Armour Shoppe.
 33609 | D:12     | Found a transporter.
 33988 | D:12     | Found Luagoen's Armour Shoppe.
 34191 | D:12     | Found Ruoruf's Antique Weapon Boutique.
 34196 | D:12     | Bought a pitted hand crossbow for 195 gold pieces
 34196 | D:12     | Identified the +10 hand crossbow of Siruit {venom, Str+3
                  | Int-3 Dex+3} (You bought it in a shop on level 12 of the
                  | Dungeon)
 34347 | D:12     | Killed Ijustatesigmund's ghost
 34347 | D:12     | Received a gift from Okawaru
 34350 | D:12     | Reached skill level 14 in Shields
 34351 | D:12     | Identified the +2 cloak of Fortitude {Int+4} (Okawaru
                  | gifted it to you on level 12 of the Dungeon)
 35195 | D:13     | Found a gate to the Vaults.
 35380 | D:13     | Found a flagged portal.
 35396 | Bailey   | Entered a bailey
 36379 | D:13     | You fall into a shaft and drop 2 floors!
 36379 | D:15     | Entered Level 15 of the Dungeon
 36379 | D:15     | Found a staircase to the Depths.
 36379 | D:15     | Noticed Kirke
 36414 | D:15     | Killed Kirke
 36414 | D:15     | Reached XP level 17. HP: 65/149 MP: 11/23
 37046 | D:15     | Noticed Josephine
 37051 | D:15     | Killed Josephine
 37051 | D:15     | Reached skill level 15 in Shields
 37059 | D:15     | Received a gift from Okawaru
 39243 | D:15     | Found a bloodstained altar of Trog.
 40013 | Spider:1 | Entered Level 1 of the Spider Nest
 40192 | Spider:1 | Received a gift from Okawaru
 40527 | Spider:1 | Got a shimmering copper amulet
 40528 | Spider:1 | Identified the amulet of the Final Decision {Inacc MR+}
                  | (You found it on level 1 of the Spider Nest)
 40567 | Spider:1 | Reached skill level 10 in Invocations
 40865 | Spider:1 | Identified the Incunabulum of the Mountains
 41055 | Spider:1 | Received a gift from Okawaru
 41463 | Spider:1 | Reached XP level 18. HP: 157/157 MP: 25/25
 42632 | Spider:2 | Received a gift from Okawaru
 42795 | Spider:2 | Reached skill level 16 in Shields
 43294 | Spider:2 | Received a gift from Okawaru
 44098 | Spider:3 | Received a gift from Okawaru
 44099 | Spider:3 | Identified the +2 pair of boots "Geess" {rF+ rN++} (Okawaru
                  | gifted it to you on level 3 of the Spider Nest)
 44865 | Spider:4 | Entered Level 4 of the Spider Nest
 44865 | Spider:4 | Noticed Nikola
 44895 | Spider:3 | Killed Nikola
 45524 | Spider:4 | Reached XP level 19. HP: 159/163 MP: 26/26
 45699 | Spider:4 | Received a gift from Okawaru
 45748 | Spider:4 | Reached skill level 15 in Armour
 46422 | Spider:4 | Reached skill level 17 in Shields
 46639 | Spider:4 | Got a gossamer rune of Zot
 47075 | Shoals:1 | Entered Level 1 of the Shoals
 47076 | Shoals:1 | Received a gift from Okawaru
 47102 | Shoals:1 | Noticed Aizul
 47113 | Shoals:1 | Killed Aizul
 47348 | Shoals:1 | Found a stormy altar of Qazlal.
 47645 | Shoals:1 | Found a runed translucent door.
 47645 | Shoals:1 | Noticed RaHiT's ghost (adept NaVM)
 47662 | Shoals:1 | Killed RaHiT's ghost
 47662 | Shoals:1 | Reached skill level 10 in Evocations
 47688 | Shoals:1 | Received a gift from Okawaru
 47689 | Shoals:1 | Identified the +2 cloak of Inaction {rF+ rN++ Str+2 Dex-4}
                  | (Okawaru gifted it to you on level 1 of the Shoals)
 47918 | Shoals:1 | Found a blossoming altar of Fedhas.
 48804 | Shoals:2 | Reached XP level 20. HP: 148/170 MP: 28/28
 49177 | Shoals:2 | Found a runed translucent door.
 49177 | Shoals:2 | Noticed Panirr's ghost (journeyman SpEE)
 49195 | Shoals:2 | Killed Panirr's ghost
 49763 | Shoals:3 | Received a gift from Okawaru
 49799 | Shoals:3 | Identified the +2 pair of boots of Heresy {-Tele rC- Str+3
                  | Int+9} (Okawaru gifted it to you on level 3 of the Shoals)
 50835 | Shoals:4 | Entered Level 4 of the Shoals
 50905 | Shoals:4 | Upgraded the game from 0.26-a0-163-g6c8a0bf695 to
                  | 0.26-a0-188-ga22346179c
 50974 | Shoals:4 | Reached skill level 18 in Shields
 51876 | Shoals:4 | Found the +8 autumn katana {vorpal, Clar}
 52204 | Shoals:4 | Got a vibrating sapphire amulet
 52205 | Shoals:4 | Identified the amulet of the Hundredfold Spines {Inacc
                  | rC++} (You found it on level 4 of the Shoals)
 52269 | Shoals:4 | Identified the +9 hand crossbow of the Turnip {vorpal,
                  | rPois} (You found it on level 4 of the Shoals)
 52370 | Shoals:4 | Got a barnacled rune of Zot
 52868 | Depths:1 | Entered Level 1 of the Depths
 52886 | Depths:1 | Found a gateway to Hell.
 52909 | Depths:1 | Reached XP level 21. HP: 151/177 MP: 29/29
 53018 | Depths:1 | Reached skill level 15 in Long Blades
 53160 | Depths:1 | Found a gateway to a ziggurat.
 53194 | Depths:1 | Received a gift from Okawaru
 53291 | Depths:1 | Found a flickering gateway to a bazaar.
 53300 | Bazaar   | Entered a bazaar
 53486 | Bazaar   | Found Reynutos's Weapon Emporium.
 53501 | Bazaar   | Found Roly's Weapon Shoppe.
 53516 | Bazaar   | Found Letal's Gadget Emporium.
 53516 | Bazaar   | Found Atoc's Assorted Antiques.
 53520 | Bazaar   | Bought a potion of curing for 96 gold pieces
 53520 | Bazaar   | Bought a scroll of identify for 64 gold pieces
 53520 | Bazaar   | Bought a papyrus book for 480 gold pieces
 53520 | Bazaar   | Bought a potion of curing for 96 gold pieces
 53537 | Bazaar   | Found Kexopeuz's Gadget Emporium.
 53567 | Depths:1 | Reached skill level 15 in Crossbows
 53984 | Depths:1 | HP: 7/177 [spark wasp (12)]
 54240 | Depths:1 | Found a shattered altar of Ashenzari.
 55156 | Depths:2 | Received a gift from Okawaru
 55864 | Depths:2 | Reached skill level 19 in Shields
 55899 | Depths:2 | Received a gift from Okawaru
 55922 | Depths:2 | Reached XP level 22. HP: 172/184 MP: 30/30
 56074 | Depths:2 | Received a gift from Okawaru
 56323 | Depths:2 | Found a one-way gate leading to the halls of Pandemonium.
 56809 | Depths:3 | Found Hintupha's Pet Rocks.
 57413 | Depths:3 | Identified the ring of Bafraschi {rElec Dex+4 SInv} (You
                  | found it on level 3 of the Depths)
 57486 | Depths:3 | Received a gift from Okawaru
 57755 | Depths:3 | Received a gift from Okawaru
 57822 | Depths:3 | Received a gift from Okawaru
 57956 | Depths:3 | Noticed a golden dragon
 57967 | Depths:3 | Killed a golden dragon
 58070 | Depths:3 | Identified the Reference Book on the Twisted Compass
 58361 | Depths:4 | Found a corrupted altar of Lugonu.
 58361 | Depths:4 | Found a one-way gate to the infinite horrors of the Abyss.
 58512 | Depths:3 | Received a gift from Okawaru
 58695 | Depths:3 | Reached XP level 23. HP: 182/190 MP: 32/32
 58807 | Depths:4 | Received a gift from Okawaru
 59000 | Depths:4 | Received a gift from Okawaru
 59112 | Depths:4 | Received a gift from Okawaru
 59178 | Depths:4 | Received a gift from Okawaru
 59340 | Depths:4 | Received a gift from Okawaru
 59340 | Depths:4 | Reached skill level 20 in Shields
 60290 | Depths:5 | Entered Level 5 of the Depths
 60705 | Depths:5 | Received a gift from Okawaru
 61187 | Depths:5 | Found a gate to the Realm of Zot.
 61435 | Depths:5 | Found a runed translucent gate.
 61435 | Depths:5 | Found a runed translucent gate.
 61435 | Depths:5 | Found a runed translucent gate.
 61436 | Depths:5 | Noticed a caustic shrike
 61437 | Depths:5 | Noticed a juggernaut
 61437 | Depths:5 | Noticed Icvuix's ghost (master KoEn)
 61437 | Depths:5 | Noticed a golden dragon
 61437 | Depths:5 | Noticed a juggernaut
 61542 | Depths:5 | Noticed Frederick
 61548 | Depths:5 | Killed Frederick
 61548 | Depths:5 | Reached XP level 24. HP: 190/197 MP: 25/32
 62028 | Depths:5 | Killed a juggernaut
 62039 | Depths:5 | Killed a caustic shrike
 62053 | Depths:5 | Killed a juggernaut
 62057 | Depths:5 | Killed a golden dragon
 62057 | Depths:5 | Received a gift from Okawaru
 62079 | Depths:5 | Killed Icvuix's ghost
 62462 | Vaults:1 | Entered Level 1 of the Vaults
 62505 | Vaults:1 | Received a gift from Okawaru
 62620 | Vaults:1 | Found Del Ifecs's Distillery.
 62624 | Vaults:1 | Received a gift from Okawaru
 62982 | Vaults:1 | Received a gift from Okawaru
 63098 | Vaults:1 | You fall into a shaft and drop 1 floor!
 64104 | Vaults:1 | Reached XP level 25. HP: 207/207 MP: 32/32
 64110 | Vaults:1 | Received a gift from Okawaru
 64390 | Vaults:2 | Reached skill level 21 in Shields
 64455 | Vaults:2 | Received a gift from Okawaru
 64728 | Vaults:2 | Received a gift from Okawaru
 64819 | Vaults:2 | Reached skill level 10 in Dodging
 65027 | Vaults:2 | Received a gift from Okawaru
 65243 | Vaults:2 | Received a gift from Okawaru
 65744 | Vaults:2 | Found a staircase to the Crypt.
 65744 | Vaults:2 | Found a basalt altar of Yredelemnul.
 65745 | Vaults:2 | Found an ancient bone altar of Kikubaaqudgha.
 66108 | Vaults:3 | Found a huge runed gate.
 66108 | Vaults:3 | Found a huge runed gate.
 66108 | Vaults:3 | Found a huge runed gate.
 66108 | Vaults:3 | Found a huge runed gate.
 66108 | Vaults:3 | Found a huge runed gate.
 66108 | Vaults:3 | Found a huge runed gate.
 66108 | Vaults:3 | Found a huge runed gate.
 66108 | Vaults:3 | Found a huge runed gate.
 66109 | Vaults:3 | Found a huge runed gate.
 66109 | Vaults:3 | Found a huge runed gate.
 66109 | Vaults:3 | Found a huge runed gate.
 66110 | Vaults:3 | Found a huge runed gate.
 66111 | Vaults:3 | Found a huge runed gate.
 66111 | Vaults:3 | Found a huge runed gate.
 66112 | Vaults:3 | Found a huge runed gate.
 66113 | Vaults:3 | Found a huge runed gate.
 66114 | Vaults:3 | Found a huge runed gate.
 66115 | Vaults:3 | Noticed Mara
 66127 | Vaults:3 | Noticed Murumi's illusion
 66176 | Vaults:3 | Killed Mara
 66191 | Vaults:3 | Found a huge runed gate.
 66282 | Vaults:3 | Found a huge runed gate.
 66293 | Vaults:3 | Found a huge runed gate.
 66293 | Vaults:3 | Found a huge runed gate.
 66293 | Vaults:3 | Found a huge runed gate.
 66293 | Vaults:3 | Found a huge runed gate.
 66293 | Vaults:3 | Found a huge runed gate.
 66293 | Vaults:3 | Found a huge runed gate.
 66293 | Vaults:3 | Found a huge runed gate.
 66294 | Vaults:3 | Found a huge runed gate.
 66295 | Vaults:3 | Found a huge runed gate.
 66303 | Vaults:3 | Found a huge runed gate.
 66303 | Vaults:3 | Found a huge runed gate.
 66303 | Vaults:3 | Found a huge runed gate.
 66303 | Vaults:3 | Found a huge runed gate.
 66303 | Vaults:3 | Found a huge runed gate.
 66303 | Vaults:3 | Found a huge runed gate.
 66303 | Vaults:3 | Found a huge runed gate.
 66322 | Vaults:3 | Received a gift from Okawaru
 66392 | Vaults:3 | Found Emas's Weapon Shoppe.
 66459 | Vaults:3 | Found a huge runed gate.
 67553 | Vaults:3 | Received a gift from Okawaru
 67752 | Vaults:4 | Reached XP level 26. HP: 203/215 MP: 33/33
 68377 | Vaults:4 | Found the +8 whip "Snakebite" {curare, rPois}
 68628 | Vaults:4 | Received a gift from Okawaru
 68628 | Vaults:4 | Reached skill level 22 in Shields
 69640 | Vaults:5 | Entered Level 5 of the Vaults
 69901 | Vaults:4 | Received a gift from Okawaru
 70111 | Vaults:5 | Reached XP level 27. HP: 219/224 MP: 33/33
 70442 | Vaults:5 | Reached skill level 15 in Invocations
 70546 | Vaults:5 | Identified the ring "Zimext" {rF+ rC+ Str+3 Stlth+}
 70689 | Vaults:5 | Gained mutation: Your magical capacity is low. (-10% MP) [a
                  | shining eye]
 71041 | Vaults:5 | Identified the +4 quarterstaff "Offadwupt" {freeze, MR+
                  | Dex+2}
 71053 | Vaults:5 | Reached skill level 23 in Shields
 71304 | Vaults:5 | Got a silver rune of Zot
 71425 | Vaults:5 | Received a gift from Okawaru
 71521 | Vaults:5 | Noticed Boris
 71527 | Vaults:5 | Killed Boris
 71580 | Vaults:5 | Received a gift from Okawaru
 71628 | Vaults:5 | Identified the Handbook of Mutagenic Heat
 71713 | Vaults:5 | Found Nysu's Gadget Shoppe.
 72025 | Vaults:5 | Identified the Compendium of Bewitching Good Luck
 72387 | Elf:1    | Entered Level 1 of the Elven Halls
 72388 | Elf:1    | Found a ruined gateway.
 72403 | Desolati | Entered the Desolation of Salt
 72535 | Desolati | Received a gift from Okawaru
 72922 | Desolati | Got a coiled jade ring
 72923 | Desolati | Identified the ring "Xoyfat" {*Tele *Slow rF+ Str+4 Dex+3}
                  | (You found it in the Desolation of Salt)
 72926 | Desolati | Got a heavily runed jade ring
 72927 | Desolati | Identified the ring "Ykarr" {Fire Str+5 Int+5} (You found
                  | it in the Desolation of Salt)
 73092 | Desolati | Identified the +6 plate armour of Death Resistance {*Drain
                  | rPois rN++ MR+++} (You found it in the Desolation of Salt)
 73146 | Desolati | Received a gift from Okawaru
 73147 | Desolati | Identified the +5 arbalest "Vasiget" {flame, MR++ Int+2}
                  | (Okawaru gifted it to you in the Desolation of Salt)
 73516 | Desolati | Identified the Almanac of Ensnaring Envenoming
 74004 | Elf:1    | Found a radiant altar of Vehumet.
 74747 | Elf:2    | Received a gift from Okawaru
 74874 | Elf:2    | Found Daocoip's Assorted Antiques.
 74880 | Elf:2    | Bought a scroll of enchant weapon for 202 gold pieces
 74958 | Elf:2    | Found a runed translucent gate.
 74958 | Elf:2    | Found a runed translucent gate.
 74967 | Elf:2    | Found a runed translucent gate.
 75143 | Elf:2    | Received a gift from Okawaru
 75985 | Elf:3    | Entered Level 3 of the Elven Halls
 76293 | Elf:3    | Found Bifaphug's Gadget Shoppe.
 76340 | Elf:3    | Received a gift from Okawaru
 76700 | Elf:3    | Identified the amulet of the Tarantula {Acrobat rElec rN++
                  | MR+ Str+3}
 76701 | Elf:3    | Reached skill level 24 in Shields
 76753 | Elf:3    | Identified the amulet "Zixiony" {Inacc rPois} (You found it
                  | on level 3 of the Elven Halls)
 76813 | Elf:3    | Identified the Almanac of Salt
 76843 | Elf:3    | Identified the cursed +0 plate armour of Dishonesty {rElec}
                  | (You found it on level 3 of the Elven Halls)
 77732 | Slime:1  | Entered Level 1 of the Pits of Slime
 77870 | Slime:1  | Received a gift from Okawaru
 78257 | Slime:3  | Gained mutation: Armour fits poorly on your strangely
                  | shaped body. [a shining eye]
 78309 | Slime:3  | Received a gift from Okawaru
 78421 | Slime:5  | Entered Level 5 of the Pits of Slime
 79047 | Slime:4  | Received a gift from Okawaru
 79968 | Slime:5  | Found a viscous altar of Jiyva.
 79969 | Slime:5  | Noticed the Royal Jelly
 79983 | Slime:5  | Killed the Royal Jelly
 79998 | Slime:5  | Splashed by an acid blob's acid

Illustrated notes

Levels and vault maps discovered:
D:1:      dpeg_arrival_simpleton_a, layout_rooms
D:2:      layout_basic
D:3:      layout_rooms, uniq_jessica
D:4:      layout_loops_ring, minmay_temple_entry_tees, portal_sewer_entry_f,
          first_ration, nicolae_ossuary_entry_ruins, serial_bayou_lake_a,
          uniq_crazy_yiuf_cottage
D:5:      layout_cave_pools, lemuel_round_altar, makhleb_blood_cavern_becter
D:6:      layout_loops_ring, nicolae_dithmenos_through_a_glass_darkly,
          hangedman_decor_lopped, uniq_maggie
D:7:      layout_layer_cave, serial_shops, shop,
          nicolae_ru_the_path_less_chosen, uniq_joseph
D:8:      layout_basic
D:9:      layout_loops_ring, amethyst_overflow_temple_binary, lair_entry_dummy
D:10:     layout_roguey, orc_0_dummy, uniq_gastronok, uniq_maurice
D:11:     layout_roguey [special_room_bee]
D:12:     layout_stronghold, gammafunk_ghost_berserking_beasts, serial_shops,
          nicolae_shop_overgrown_old_shop, shop, nicolae_shop_behind_doors,
          kennysheep_little_box, shop, portal_ice_cave_entry_ice_beasts,
          the_bakery
D:13:     layout_irregular_city, erik_vaults_2, enter_bailey_2,
          minmay_dual_archer_statues
D:14:     layout_loops_corners, chequers_serial_rivers_micro_c
D:15:     gammafunk_depths_entry_grave, layout_basic, lemuel_crystal_altar,
          uniq_josephine, uniq_kirke
Temple:   eino_narrow_crystal_temple
Lair:1:   layout_cellular_growth, grunt_megastairs_4
Lair:2:   regret_index_wax_grids, layout_cave_pods, special_room
Lair:3:   layout_cave_pods, spider_nest_entry_rubble, lemuel_fruit_fields,
          uniq_rupert
Lair:4:   layout_small_grid, shoals_dummy_entry, serial_bayou_pond_c,
          lemuel_fruit_tree
Lair:5:   layout_roguey, slime_altar_1, grunt_forest_small_clearings,
          st_stairs_9, grunt_megastairs_2
Lair:6:   minmay_lair_end_frog_pond, layout_long_grid,
          nicolae_volcano_entry_lava_flow, chequers_serial_rivers_micro_a
Shoals:1: layout_shoals, ebering_ghost_inner_flame, hangedman_feature_mirror,
          uniq_aizul
Shoals:2: layout_shoals, ebering_ghost_reflecting_pool,
          nicolae_shoals_flooded_hall
Shoals:3: layout_shoals
Shoals:4: shoals_end_hangedman, layout_shoals,
          nicolae_shoals_kraken_intersection
Spider:1: layout_spider_delve
Spider:2: layout_spider_delve
Spider:3: nicolae_orb_stairs_large, zaba_antful_of_joy,
          nicolae_spider_cling_ruins
Spider:4: grunt_spider_rune_circles, uniq_nikola
Slime:1:  layout_caves, nicolae_slime_phagocytosis
Slime:2:  layout_caves
Slime:3:  layout_caves, cheibrodos_slime_lost_civilization_5
Slime:4:  layout_caves
Slime:5
Orc:1:    layout_caves, basic_altar, nicolae_orc_flooded_monolith
Orc:2:    pubby_orc_utopia, serial_shops
Elf:1:    layout_gridlike, basic_altar, portal_desolation_entry_nicolae_slug,
          kennysheep_underground_church, grunt_megastairs_3
Elf:2:    layout_gridlike, serial_shops, shop_statue
Elf:3:    minmay_elf_hall_not_hex, layout_loops_corners, minmay_shop_star
Vaults:1: v_alt_pattern_2, nicolae_vaults_border_crossing,
          nicolae_vaults_lopsided_apartments, nicolae_vaults_little_squares_2,
          nicolae_vaults_triangles, v_misc_19, v_misc_5, v_misc_27,
          grunt_vaults_focal, ontoclasm_vaults_idyll, layout_vaults_omnicross,
          serial_shops, shop
Vaults:2: v_rooms_4, v_misc_32, hangedman_vaults_restitches,
          minmay_crypt_entry_necro_gods, dpeg_vaults_monster_row, v_pattern_1,
          vaults_room_door_ring, layout_vaults_quadrants
Vaults:3: nicolae_vaults_network_s, vaults_not_door_vault_due,
          vaults_room_pools, v_misc_4, v_misc_26, nicolae_vaults_what_the_h,
          nicolae_vaults_yaktaur_gun_rack, vaults_room_mumra_shop_pool,
          ontoclasm_vaults_idyll, nicolae_vaults_rhombus_7, v_rooms_3,
          vaults_room_pool, ontoclasm_vaults_hangar, layout_vaults_omnibox,
          uniq_mara
Vaults:4: nicolae_vaults_ninety_degrees, v_misc_3, vaults_mumra_bighexcomb,
          vaults_standard_mumra_enter_the_diamond, hangedman_vaults_unwind,
          v_misc_8, v_rooms_4, v_misc_28, layout_vaults_chaotic_city
Vaults:5: uniq_boris
Depths:1: layout_basic, enter_ziggurat_a, serial_shops, bzr_entry_lakeside,
          grunt_decor_cap, grunt_mini_vestibule, grunt_ministairs_9,
          ebering_dispersal_statue_hall, nicolae_ashenzari_panopticon
Depths:2: evilmike_marble_ring, layout_cave_shapes, grunt_pan_entry_zigzag,
          hell_entry, serial_column_ruins, column_ruins_hut,
          column_ruins_grid_3, column_ruins_open_tiny,
          column_ruins_open_small_water, column_ruins_open_tiny,
          column_ruins_open_large, column_ruins_columns_dead_end,
          infiniplex_staircase_pool_2
Depths:3: minmay_the_grid_octo_tiled_octocenter [minmay_the_grid_octo_chip,
          minmay_the_grid_octo_thin_diamonds, minmay_the_grid_octo_focus,
          minmay_the_grid_octo_fan_narrow,
          minmay_the_grid_octo_prize_square_snowflake,
          minmay_the_grid_square_5x5_minibox,
          minmay_the_grid_square_5x5_shuriken, minmay_the_grid_square_5x5_six,
          minmay_the_grid_square_5x5_shrine2], layout_gridville, hell_entry,
          minmay_misc_feat_square, rand_demon_pan_entry_3, guppyfry_shop_earth
Depths:4: kennysheep_big_flooded_room, layout_cave_shapes,
          grunt_pan_entry_in_and_out, abyss_entry_flame_altar, hex_medium,
          grunt_hell_entry_dis_mu
Depths:5: grunt_zot_entry_hairpin, layout_gridlike, gammafunk_ghost_split,
          hellmouth_1, uniq_frederick

Skill      XL: |  1  2  3  4  5  6  7  8  9 10 11 12 13 14 15 16 17 18 19 20 21 22 23 24 25 26 27 |
---------------+----------------------------------------------------------------------------------+-----
Dodging        | 1 2 3 4 5 6 7 8 9 10 11 | 11.0
Shields        | 4 5 6 7 9 10 12 13 14 15 16 17 18 19 20 21 22 24 | 24.0
Long Blades    | 3 4 5 6 7 9 10 11 12 13 14 15 16 17 18 19 | 19.0
Fighting       | 4 5 6 7 9 10 11 12 15 18 19 20 22 | 22.0
Armour         | 4 5 6 7 9 10 11 12 13 14 15 16 17 18 19 20 21 | 21.0
Invocations    | 3 4 5 6 7 8 9 10 11 12 13 14 16 | 16.0
Evocations     | 2 3 4 5 6 7 8 9 10 11 12 14 | 14.0
Crossbows      | 7 11 12 13 14 15 16 17 18 19 | 19.0
Stealth        | |  0.4

Action                   |  1- 3 |  4- 6 |  7- 9 | 10-12 | 13-15 | 16-18 | 19-21 | 22-24 | 25-27 || total
-------------------------+-------+-------+-------+-------+-------+-------+-------+-------+-------++-------
Melee: Long sword        |    72 |   123 |   629 |       |       |       |       |       |       ||   824
       Scimitar          |       |       |    48 |   754 |    18 |       |       |       |       ||   820
       Triple sword      |       |       |       |       |  1081 |  1209 |  1155 |  1202 |  1625 ||  6272
       Great sword       |       |       |       |       |    24 |     2 |       |       |       ||    26
       Unarmed           |       |       |       |       |       |    16 |       |       |       ||    16
 Fire: Arbalest          |       |       |       |       |   253 |     7 |       |       |   839 ||  1099
       Hand crossbow     |       |       |       |       |       |   651 |   664 |   429 |   174 ||  1918
Invok: Heroism           |       |       |       |     1 |     7 |    13 |    12 |    11 |     9 ||    53
       Finesse           |       |       |       |     1 |     3 |     8 |     8 |     6 |     7 ||    33
 Abil: Dig               |       |       |     8 |     5 |     5 |     7 |    10 |    11 |     3 ||    49
       Evoke Flight      |       |       |       |       |     3 |       |    27 |       |       ||    30
Evoke: Lightning rod     |       |       |       |       |       |       |       |       |     4 ||     4
       Phial of floods   |       |       |       |       |       |       |       |       |     1 ||     1
       Phantom mirror    |       |       |       |       |       |       |       |       |     1 ||     1
  Use: Scroll            |     9 |     1 |    11 |     7 |     9 |    15 |     7 |     5 |    23 ||    87
       Potion            |       |     1 |     2 |       |       |     3 |     2 |     1 |       ||     9
 Stab: Distracted        |       |       |       |     1 |       |       |       |       |       ||     1
       Invisible         |       |       |       |       |       |     6 |       |       |       ||     6
       Confused          |       |       |       |       |       |       |       |     3 |       ||     3
  Eat: Chunk             |     2 |     3 |    18 |    22 |    33 |    38 |    35 |    27 |    42 ||   220
       Ration            |       |       |     1 |     3 |     5 |     4 |     1 |     1 |     3 ||    18
Armor: Scale mail        |    19 |    59 |    24 |       |       |       |       |       |       ||   102
       Chain mail        |       |       |   263 |   122 |       |       |       |       |       ||   385
       Plate armour      |       |       |       |   150 |   604 |   764 |   506 |   274 |   188 ||  2486
       Gold dragon scale |       |       |       |       |       |       |       |       |   289 ||   289
Dodge: Dodged            |    18 |    50 |   211 |   189 |   479 |   490 |   317 |   174 |   296 ||  2224
Block: Kite shield       |    27 |    74 |   372 |   444 |  1019 |   508 |       |       |       ||  2444
       Tower shield      |       |       |       |       |       |  1276 |  1848 |  1307 |  2095 ||  6526
       Reflection        |       |       |       |       |       |    17 |   107 |    86 |   191 ||   401
       Rpst.: Long sword |     5 |    12 |    54 |       |       |       |       |       |       ||    71
       Scimitar          |       |       |     1 |    52 |     3 |       |       |       |       ||    56
       Triple sword      |       |       |       |       |   142 |   101 |    63 |    23 |    64 ||   393
       Great sword       |       |       |       |       |     1 |       |       |       |       ||     1

Table legend:
 A = Non-vault XP
 B = Vault XP
 C = Vault XP percentage of total XP
 D = Non-vault monster count
 E = Vault monster count
 F = Vault count percentage of total count
                 A         B        C        D         E       F
            +---------+---------+-------+---------+---------+-------
      Total |  682761 |  747836 |  52.3 |    1540 |    1196 |  43.7
            +---------+---------+-------+---------+---------+-------
        D:1 |      46 |       0 |   0.0 |      21 |       0 |   0.0
        D:2 |     461 |       0 |   0.0 |      34 |       0 |   0.0
        D:3 |     286 |      37 |  11.5 |      21 |       1 |   4.5
        D:4 |     250 |      57 |  18.6 |      20 |       7 |  25.9
        D:5 |     640 |      42 |   6.2 |      14 |       1 |   6.7
        D:6 |    1072 |     385 |  26.4 |      17 |       1 |   5.6
        D:7 |     888 |     450 |  33.6 |      15 |       1 |   6.2
        D:8 |    1637 |       0 |   0.0 |      25 |       0 |   0.0
        D:9 |    1248 |       0 |   0.0 |      28 |       0 |   0.0
       D:10 |    2271 |    2565 |  53.0 |      31 |       2 |   6.1
       D:11 |    4266 |    1781 |  29.5 |      23 |      25 |  52.1
       D:12 |    4521 |    6078 |  57.3 |      28 |      18 |  39.1
       D:13 |    8380 |    9071 |  52.0 |      45 |      10 |  18.2
       D:14 |    6655 |       0 |   0.0 |      23 |       0 |   0.0
       D:15 |   12681 |    8890 |  41.2 |      37 |      13 |  26.0
     Lair:1 |    3272 |     389 |  10.6 |      12 |       1 |   7.7
     Lair:2 |    3551 |    6642 |  65.2 |      13 |      47 |  78.3
     Lair:3 |    2690 |    3278 |  54.9 |      11 |       2 |  15.4
     Lair:4 |    9489 |     243 |   2.5 |      29 |       2 |   6.5
     Lair:5 |    7222 |     361 |   4.8 |      23 |       1 |   4.2
     Lair:6 |   13412 |   12518 |  48.3 |      30 |      47 |  61.0
   Shoals:1 |   20267 |    5744 |  22.1 |      34 |       3 |   8.1
   Shoals:2 |   21640 |    7074 |  24.6 |      39 |      13 |  25.0
   Shoals:3 |   22114 |       0 |   0.0 |      38 |       0 |   0.0
   Shoals:4 |   17606 |   22303 |  55.9 |      40 |      34 |  45.9
   Spider:1 |   24511 |       0 |   0.0 |      70 |       0 |   0.0
   Spider:2 |   17813 |     247 |   1.4 |      50 |       1 |   2.0
   Spider:3 |   19119 |   13639 |  41.6 |      52 |      41 |  44.1
   Spider:4 |   16131 |   19918 |  55.3 |      47 |      36 |  43.4
    Slime:1 |    9819 |     789 |   7.4 |      20 |       3 |  13.0
    Slime:2 |    5310 |       0 |   0.0 |       9 |       0 |   0.0
    Slime:3 |    7576 |       0 |   0.0 |      13 |       0 |   0.0
    Slime:4 |   15771 |       0 |   0.0 |      30 |       0 |   0.0
    Slime:5 |   12532 |   28529 |  69.5 |      29 |       9 |  23.7
      Orc:1 |    1371 |     154 |  10.1 |      10 |       7 |  41.2
      Orc:2 |       0 |   21513 | 100.0 |       0 |     140 | 100.0
      Elf:1 |    8528 |   10058 |  54.1 |      14 |      14 |  50.0
      Elf:2 |   18506 |   24183 |  56.6 |      30 |      32 |  51.6
      Elf:3 |   17648 |   48209 |  73.2 |      32 |      34 |  51.5
   Vaults:1 |   31213 |   32498 |  51.0 |      63 |      42 |  40.0
   Vaults:2 |   29461 |   29983 |  50.4 |      58 |      41 |  41.4
   Vaults:3 |   15430 |   43823 |  74.0 |      39 |      47 |  54.7
   Vaults:4 |   42919 |   62821 |  59.4 |      54 |      69 |  56.1
   Vaults:5 |   25002 |   99982 |  80.0 |      43 |      64 |  59.8
   Depths:1 |   44010 |    4459 |   9.2 |      47 |       8 |  14.5
   Depths:2 |   33568 |   22689 |  40.3 |      44 |      22 |  33.3
   Depths:3 |   27142 |   48723 |  64.2 |      30 |      44 |  59.5
   Depths:4 |   56062 |    4828 |   7.9 |      59 |      17 |  22.4
   Depths:5 |   36754 |   57179 |  60.9 |      46 |      27 |  37.0
      Sewer |       0 |      91 | 100.0 |       0 |      26 | 100.0
    Ossuary |       0 |     116 | 100.0 |       0 |      21 | 100.0
     Bailey |       0 |    2295 | 100.0 |       0 |      39 | 100.0
      IceCv |       0 |   14034 | 100.0 |       0 |      56 | 100.0
    Volcano |       0 |    6963 | 100.0 |       0 |      11 | 100.0
 Desolation |       0 |   62205 | 100.0 |       0 |     116 | 100.0
            +---------+---------+-------+---------+---------+-------
